 Dungeon Crawl Stone Soup version 0.31-a0-844-gdc52ec4e09 (webtiles) character file.

Game seed: 12221451975183811993

16164 BinkBink the Fighter (level 12, -8/82 (94) HPs)
             Began as a Demonspawn Fighter on Sept 30, 2023.
             Was a High Priest of Okawaru.
             Mangled by Rupert
             ... wielding a +1 great mace of draining
              (15 damage)
             ... on level 12 of the Dungeon.
             The game lasted 00:38:47 (15118 turns).

BinkBink the Fighter (Demonspawn Fighter)          Turns: 15118, Time: 00:38:51

HP:   -8/82 (94)    AC: 23    Str: 19    XL:     12   Next: 7%
MP:   12/12         EV:  5    Int: 11    God:    Okawaru [*****.]
Gold: 652           SH:  6    Dex: 14    Spells: 11/11 levels left

rFire   . . .        e - +5 dagger (venom)
rCold   . . .        c - +0 buckler
rNeg    . . .        v - +0 crystal plate armour
rPois   .            (helmet restricted)
rElec   .            w - scarf {shadows}
rCorr   .            u - +2 pair of gloves
SInv    .            H - +0 pair of boots
Will    .....        i - amulet of the acrobat Stlth
                     m - +4 ring of slaying
HPRegen 0.33/turn    f - ring of flight
MPRegen 0.13/turn

%: acrobat
@: about to teleport, flying, heavily drained
A: antennae 2, foul stench 1, weakness stinger 2, demonic touch 2
a: Renounce Religion, Heroism, Finesse, Duel


You were on level 12 of the Dungeon.
You worshipped Okawaru.
Okawaru was extremely pleased with you.
You visited 2 branches of the dungeon, and saw 13 of its levels.
You also visited: Bailey.

You collected 673 gold pieces.
You spent 21 gold pieces at shops.

Inventory:

Hand Weapons
 a - a +0 rapier
 e - a +5 dagger of venom (weapon)
Missiles
 F - a throwing net
Armour
 c - a +0 buckler (worn)
 u - a +2 pair of gloves (worn)
 v - a +0 crystal plate armour (worn)
 w - a scarf of shadows (worn)
 E - the -1 pair of gloves of Bedevilment {+Inv Will+}
   (You found it on level 4 of the Dungeon)

   Will+:     It increases your willpower.
   +Inv:      It lets you turn invisible.
 H - a +0 pair of boots (worn)
 M - the +1 plate armour of Fortitude {rC- Will+ Str+5 Int+3}
   (You found it in a bailey)

   Str+5:     It affects your strength (+5).
   Int+3:     It affects your intelligence (+3).
   rC-:       It makes you vulnerable to cold.
   Will+:     It increases your willpower.
Jewellery
 f - a ring of flight (right hand)
 i - an amulet of the acrobat (around neck)
 l - a +4 ring of protection
 m - a +4 ring of slaying (left hand)
 q - a +4 ring of protection
 A - a ring of positive energy
Talismans
 b - a serpent talisman
 s - a talisman of death
 O - a blade talisman
Wands
 k - a wand of paralysis (19)
 y - a wand of flame (21)
 z - a wand of mindburst (27)
 C - a wand of iceblast (15) (quivered)
Scrolls
 g - a scroll of noise
 h - a scroll of revelation
 j - 3 scrolls of teleportation
 n - 2 scrolls of immolation
 r - 8 scrolls of identify
 G - 2 scrolls of poison
 J - a scroll of amnesia
 P - a scroll of enchant armour {unknown}
Potions
 d - 2 potions of might
 o - 7 potions of haste
 p - a potion of heal wounds
 t - a potion of brilliance
 x - 5 potions of curing
 B - a potion of berserk rage {unknown}
 D - 2 potions of attraction
 I - 2 potions of ambrosia
 K - a potion of invisibility
 L - a potion of mutation {unknown}
 N - a potion of lignification {unknown}
 Q - a potion of magic {unknown}


   Skills:
 + Level 8.9 Fighting
 + Level 7.8 Short Blades
 + Level 8.1 Armour
 + Level 7.5 Dodging
 + Level 7.9 Shields
 + Level 6.3 Shapeshifting


You had 11 spell levels left.
You didn't know any spells.
Your spell library contained the following spells:

 Spells                   Type           Power      Damage    Failure   Level
 Apportation              Tloc           0%         N/A       100%        1
 Magic Dart               Conj           0%         1d3       100%        1
 Necrotise                Necr           0%         1d4       100%        1
 Slow                     Hex            0%         N/A       100%        1
 Blink                    Tloc           0%         N/A       100%        2
 Lesser Beckoning         Tloc           0%         N/A       100%        2
 Momentum Strike          Conj/Tloc      0%         3d8       100%        2
 Confusing Touch          Hex            0%         N/A       100%        3
 Mephitic Cloud           Conj/Pois/Air  0%         N/A       100%        3
 Sigil of Binding         Hex            0%         N/A       100%        3
 Vampiric Draining        Necr           0%         2d6       100%        3
 Summon Small Mammal      Summ           Unusable   N/A       N/A         1
 Call Imp                 Summ           Unusable   N/A       N/A         2
 Summon Forest            Summ/Tloc      Unusable   N/A       N/A         5
 Summon Mana Viper        Hex/Summ       Unusable   N/A       N/A         5
 Summon Cactus Giant      Summ           Unusable   N/A       N/A         6

Dungeon Overview and Level Annotations

Branches:
Dungeon (12/15)            Temple (1/1) D:7            Lair (0/5) D:10
 Bailey (visited)
    Orc: D:9-12

Altars:
Ashenzari
Cheibriados
Dithmenos
Fedhas
Gozag
Hepliaklqana
Kikubaaqudgha
Makhleb
Nemelex Xobeh
Okawaru
Qazlal
Ru
Sif Muna
Trog
Uskayaw
Vehumet
Wu Jian
Xom
Yredelemnul

Shops:
D:7 *   D:12 *

Annotations:
D:9 2 transporters, Amaemon; temujin's ghost, journeyman DECj
D:12 Rupert


Innate Abilities, Weirdness & Mutations

You have a pair of antennae on your head.
You may rarely emit foul miasma when damaged in melee.
You have a tail ending in a sharp stinger.
Your touch may inflict irresistible damage on your foes.


Message History

You now have 636 gold pieces (gained 11).
Found a stone staircase leading down.
You now have 652 gold pieces (gained 16).
Rupert the Wild comes into view.
He is wielding a +1 great mace of draining.
Found a potion of haste.
Rupert shouts!
Aiming: Iceblast
Press: ? - help, Q - select action, (/) - cycle Shift-Dir - straight line, f - Rupert
Aim: Rupert, wielding a +1 great mace of draining and wearing a +0 leather armour The mass of ice explodes!
The iceblast engulfs Rupert!
Rupert is lightly wounded.
Rupert roars wildly at you.
You are confused.
Found 10 gold pieces.
Rupert roars madly and goes into a rage!
Rupert goes berserk!
You feel less confused. Rupert closely misses you.
Rupert attacks as he pursues you! Rupert hits you but does no damage.
You feel drained.
Rupert rages.
Rupert misses you.
Rupert hits you with a +1 great mace of draining!
You feel drained. Rupert attacks as he pursues you! Rupert closely misses you.
Found an escape hatch in the floor.
Rupert completely misses you. Rupert attacks as he pursues you!
Rupert closely misses you. Rupert attacks as he pursues you!
Rupert barely misses you.
Rupert hits you with a +1 great mace of draining!!
You feel drained. Rupert attacks as he pursues you! You block Rupert's attack.
As you read the scroll of teleportation, it crumbles to dust.
You feel strangely unstable.
Rupert hits you with a +1 great mace of draining!!
* * * LOW HITPOINT WARNING * * *
You feel drained.
* * * LOW HITPOINT WARNING * * *
Rupert hits you with a +1 great mace of draining!
You die...
Rupert roars with triumph.

!........ .>.......
................#
.........$......#
................#
................#
................#################
..................>..............
...............@@................
.................................
..#############.................)
..# #.................. ..#
#.................. ..#
#.................. ..#
#.................. .............
... .............


You could see Rupert (berserk).

Vanquished Creatures
  Snorg (D:10)
  A hydra (D:11)
  A boulder beetle (D:11)
  2 two-headed ogres
  An orc knight (Bailey)
  A manticore (D:12)
  A deep elf pyromancer (Bailey)
  An elephant (D:10)
  2 cyclopes (D:11)
  A gargoyle (D:12)
  Jeremiah (D:8)
  A kobold demonologist (D:11)
  A yaktaur (D:11)
  Psyche (D:8)
  5 trolls
  A hornet (D:11)
  Grinder (D:4)
  Sigmund (D:3)
  A wyvern (D:9)
  4 shadows
  2 basilisks (D:10)
  17 yaks
  Duvessa (D:5)
  An acid dragon (D:12)
  2 water moccasins
  3 ice beasts
  7 orc warriors
  2 sky beasts (D:7)
  2 ogres
  3 centaurs
  4 bullfrogs
  2 gnoll sergeants
  2 scorpions
  3 wights (D:9)
  Dowan (D:5)
  13 killer bees
  3 electric eels (D:9)
  A howler monkey (D:11)
  A hound (D:4)
  Crazy Yiuf (D:3)
  5 orc priests
  A jelly (D:5)
  2 sleepcaps
  3 gnoll boudas
  Jessica (D:3)
  2 iguanas
  Terence (D:3)
  5 orc wizards
  Robin (D:4)
  26 gnolls
  7 adders
  A white imp (D:8)
  2 ufetubi (D:5)
  2 worms (D:2)
  6 dart slugs
  33 orcs
  11 endoplasms
  3 giant cockroaches
  14 goblins
  13 hobgoblins
  8 jackals
  3 quokkas
  10 ball pythons
  6 bats
  A frilled lizard (D:1)
  7 kobolds
  5 rats
279 creatures vanquished.

Notes
Turn   | Place    | Note
-------+----------+-------------------------------------------
     0 | D:1      | BinkBink the Demonspawn Fighter began the quest for the
                  | Orb.
     0 | D:1      | Reached XP level 1. HP: 18/18 MP: 1/1
   179 | D:1      | Discovered your monstrous ancestry.
   179 | D:1      | Gained mutation: You have a small tail. [demonic ancestry]
   179 | D:1      | Reached XP level 2. HP: 24/24 MP: 2/2
   421 | D:1      | Found a faded altar of an unknown god.
   590 | D:1      | Reached skill level 1 in Dodging
   590 | D:1      | Gained mutation: You may rarely emit foul miasma when
                  | damaged in melee. [demonic ancestry]
   590 | D:1      | Reached XP level 3. HP: 16/29 MP: 3/3
  1066 | D:2      | Found an iron altar of Okawaru.
  1113 | D:2      | Reached XP level 4. HP: 33/35 MP: 4/4
  1959 | D:3      | Noticed Sigmund
  2172 | D:3      | Reached XP level 5. HP: 32/42 MP: 5/5
  2313 | D:4      | Noticed an ogre
  2337 | D:5      | Entered Level 5 of the Dungeon
  2409 | D:5      | Found an opulent altar of Gozag.
  2612 | D:5      | Noticed Dowan
  2634 | D:5      | Killed Dowan
  2635 | D:5      | Reached skill level 1 in Shapeshifting
  2635 | D:5      | Gained mutation: Your touch may inflict minor irresistible
                  | damage on your foes. [demonic ancestry]
  2635 | D:5      | Reached XP level 6. HP: 45/48 MP: 6/6
  2716 | D:5      | Noticed Duvessa
  2734 | D:5      | Killed Duvessa
  2971 | D:5      | Gained mutation: You have a tail ending in a sharp stinger.
                  | [demonic ancestry]
  2971 | D:5      | Reached XP level 7. HP: 46/55 MP: 7/7
  3360 | D:4      | Identified the -1 pair of gloves of Bedevilment {+Inv
                  | Will+}
  3507 | D:4      | Noticed Grinder
  3511 | D:4      | Noticed Robin
  3539 | D:4      | Killed Robin
  3574 | D:4      | Killed Grinder
  3926 | D:3      | Killed Sigmund
  3927 | D:3      | Reached skill level 5 in Fighting
  3927 | D:3      | Reached XP level 8. HP: 62/62 MP: 8/8
  3971 | D:3      | Noticed Terence
  3981 | D:3      | Killed Terence
  4264 | D:3      | Noticed Jessica
  4266 | D:3      | Killed Jessica
  4607 | D:3      | Found a runed translucent door.
  4608 | D:3      | Noticed Crazy Yiuf
  4682 | D:3      | Killed Crazy Yiuf
  6016 | D:6      | Reached skill level 5 in Armour
  6443 | D:7      | Reached skill level 5 in Shields
  6546 | D:7      | Found a staircase to the Ecumenical Temple.
  6551 | D:7      | Found Igutu's General Store.
  6596 | D:7      | Reached XP level 9. HP: 53/69 MP: 9/9
  6861 | D:7      | Reached skill level 5 in Short Blades
  7213 | D:7      | Found a hazy altar of Hepliaklqana.
  7499 | Temple   | Entered the Ecumenical Temple
  7613 | Temple   | Became a worshipper of Warmaster Okawaru
  7674 | D:8      | Noticed Psyche
  7785 | D:8      | Noticed a two-headed ogre
  7807 | D:8      | Killed a two-headed ogre
  7845 | D:8      | Reached skill level 5 in Dodging
  7851 | D:8      | Reached * piety under Okawaru
  8365 | D:8      | Killed Psyche
  8565 | D:8      | Noticed Jeremiah
  8587 | D:8      | Killed Jeremiah
  8587 | D:8      | Reached ** piety under Okawaru
  8588 | D:8      | Gained mutation: You have a pair of small antennae on your
                  | head. [demonic ancestry]
  8588 | D:8      | Reached XP level 10. HP: 66/77 MP: 10/10
  9085 | D:9      | Reached *** piety under Okawaru
  9393 | D:9      | Reached skill level 5 in Shapeshifting
  9654 | D:9      | Noticed Amaemon
  9655 | D:9      | Noticed an orange demon
  9672 | D:9      | HP: 3/79 [poisoned by Amaemon]
 10003 | D:9      | Found a transporter.
 10007 | D:9      | Noticed temujin's ghost (journeyman DECj)
 10008 | D:9      | Noticed a moth of wrath
 10029 | D:9      | Found a transporter.
 10211 | D:9      | Noticed a four-headed hydra
 10231 | D:10     | Entered Level 10 of the Dungeon
 10322 | D:10     | Found a flagged portal.
 10330 | Bailey   | Entered a bailey
 10423 | Bailey   | Found a large runed translucent door.
 10423 | Bailey   | Found a large runed translucent door.
 10424 | Bailey   | Noticed an orc knight
 10424 | Bailey   | Noticed a deep elf pyromancer
 10468 | Bailey   | Killed an orc knight
 10468 | Bailey   | Reached **** piety under Okawaru
 10671 | Bailey   | Gained mutation: You have a pair of antennae on your head.
                  | [demonic ancestry]
 10671 | Bailey   | Reached XP level 11. HP: 57/85 MP: 11/11
 10853 | Bailey   | Killed a deep elf pyromancer
 10861 | Bailey   | Identified the +1 plate armour of Fortitude {rC- Will+
                  | Str+5 Int+3}
 10991 | D:10     | Noticed Snorg
 11025 | D:10     | HP: 4/86 [Snorg (11)]
 11276 | D:10     | Killed Snorg
 11643 | D:10     | Reached ***** piety under Okawaru
 11872 | D:10     | Found a staircase to the Lair.
 12559 | D:11     | Paralysed by a hornet for 1 turns
 13406 | D:11     | Noticed a two-headed ogre
 13415 | D:11     | Noticed a sixfirhy
 13669 | D:11     | Killed a two-headed ogre
 13669 | D:11     | Received a gift from Okawaru
 13774 | D:11     | Noticed a five-headed hydra
 13795 | D:11     | Killed a five-headed hydra
 13995 | D:11     | Noticed a boulder beetle
 14013 | D:11     | Killed a boulder beetle
 14279 | D:12     | Found Saplil's Assorted Antiques.
 14281 | D:12     | Identified the +6 mace of Darkness {speed, MP+9}
 14437 | D:12     | Bought a sedimented purple potion for 21 gold pieces
 14790 | D:12     | Gained mutation: Your touch may inflict irresistible damage
                  | on your foes. [demonic ancestry]
 14790 | D:12     | Reached XP level 12. HP: 54/94 MP: 12/12
 15097 | D:12     | Noticed Rupert
 15118 | D:12     | Mangled by Rupert

Illustrated notes

Levels and vault maps discovered:
D:1:      dpeg_arrival_chambers_temple_mockup, layout_rooms,
          shapermc_ecumenical_altar_mp_ritualfount, minmay_crystal_room,
          corexii_hall_statues_x
D:2:      layout_loops_corners, basic_altar, minmay_fractal_squares_gapless_5
D:3:      layout_loops_cross, kennysheep_potato, uniq_terence,
          uniq_crazy_yiuf_cottage, uniq_jessica, uniq_sigmund
D:4:      layout_basic, uniq_grinder, uniq_robin
D:5:      layout_rooms, nicolae_gozag_seed_capital, hangedman_decor_peaks_small,
          uniq_duvessa
D:6:      layout_layer_cave, st_stairs_10, kb_lookout_dungeons_type
D:7:      layout_cave_pods, mainiacjoe_overflow_catwalk,
          minmay_temple_entry_statues, serial_shops, shop
D:8:      layout_loops_ring, uniq_psyche, uniq_jeremiah
D:9:      layout_basic, orc_0_dummy, serial_bayou, serial_bayou_shore_a,
          serial_bayou_pond_c, serial_bayou_pond_a, serial_bayou_ford_a,
          gammafunk_ghost_berserking_beasts, uniq_pikel, uniq_amaemon
D:10:     layout_irregular_city, david_lair_generic, enter_bailey_2,
          minmay_misc_feat_iff, minmay_misc_feat_roman, uniq_snorg
D:11:     layout_loops_cross
D:12:     layout_long_grid, serial_shops, shop,
          eino_small_chamber_without_monster, uniq_rupert
Temple:   mainiacjoe_temple_big_plus

Skill      XL: |  1  2  3  4  5  6  7  8  9 10 11 |
---------------+----------------------------------+-----
Short Blades   | 2 3 4 5 6 7 |  7.8
Armour         | 3 4 5 6 7 8 |  8.1
Dodging        | 1 2 3 4 5 6 7 |  7.5
Shields        | 3 4 5 6 7 |  7.9
Fighting       | 4 5 6 7 8 |  8.9
Shapeshifting  | 1 2 3 4 5 6 |  6.3

Action                     |  1- 3 |  4- 6 |  7- 9 | 10-12 || total
---------------------------+-------+-------+-------+-------++-------
  Melee: Rapier            |   121 |    10 |       |       ||   131
         Tailslap          |     8 |    26 |    64 |   131 ||   229
         Dagger            |       |   111 |   367 |   562 ||  1040
  Evoke: Wand              |       |       |       |     6 ||     6
    Use: Potion            |       |     5 |     4 |     3 ||    12
         Scroll            |       |     1 |     8 |    12 ||    21
 Armour: Scale mail        |    69 |    28 |       |       ||    97
         Crystal plate arm |       |    58 |   273 |   432 ||   763
         Skin              |       |       |    11 |       ||    11
  Dodge: Dodged            |    50 |    42 |    94 |   143 ||   329
  Block: Buckler           |    25 |    22 |    64 |   114 ||   225

Table legend: (Time is in decaauts)
 A = Elapsed time spent in this place.
 B = Non-inter-level travel time spent in this place.
 C = Inter-level travel time spent in this place.
 D = Time resting spent in this place.
 E = Time spent auto-exploring this place.
 F = Levels seen in this place.
 G = Mean time per level.
                   A        B        C        D        E       F      G
               +--------+--------+--------+--------+--------+-----+--------+
         Total |  14946 |  14004 |    942 |    581 |  10451 |  14 | 1067.6 |
       Dungeon |  14235 |  13427 |    808 |    423 |  10224 |  12 | 1186.2 |
        Temple |    136 |      2 |    134 |      0 |      0 |   1 |  136.0 |
        Bailey |    573 |    573 |      0 |    158 |    227 |   1 |  573.0 |
               +--------+--------+--------+--------+--------+-----+--------+

Top non-repeatable levels by time:
    D:10: 1717 daAuts
    D:11: 1678 daAuts
     D:6: 1551 daAuts
     D:8: 1387 daAuts
     D:2: 1345 daAuts
     D:3: 1090 daAuts
     D:7: 1082 daAuts
     D:9: 1073 daAuts
     D:4: 909 daAuts
     D:5: 845 daAuts
    D:12: 810 daAuts
     D:1: 743 daAuts
  Bailey: 573 daAuts
  Temple: 136 daAuts
